AoeStats
← ngocpq

Arena

507504157Analyzed
1v1 RM · 14d ago on Sep 18, 2026· 58m 1s· 2 players
Game mode
Random Map
Map size
Tiny (2 player)
Population
200
Speed
Normal
Resources
Standard
Victory
Conquest
Starting age
Dark Age
Ending age
Imperial Age
RankedLock teamsTeams togetherTeam positionsShared explorationLock speedFull tech treeHidden civsTurbo modeCheats
Victory
Defeat
🇨🇳 Hindustanis · China
708
+18
🇰🇷 Franks · South Korea
759
-38
artemipollo
10:00 Feudal Age
10:38 Double-Bit Axe
11:57 Horse Collar
18:10 Castle Age
16:11 Gold Mining
16:52 Forging
19:05 Bow Saw
23:44 Iron Casting
23:26 Town Watch
24:27 Heavy Plow
30:00 Imperial Age
28:17 Loom
29:26 Ballistics
29:02 Murder Holes
29:11 Padded Archer Armor
29:03 Fletching
29:33 Town Patrol
30:54 Gold Shaft Mining
30:20 Bodkin Arrow
30:41 Leather Archer Armor
30:31 Scale Barding Armor
31:41 Chemistry
31:43 Two-Man Saw
31:17 Shatagni
33:05 Chain Barding Armor
33:46 Blast Furnace
32:47 Bracer
33:17 Ring Archer Armor
32:50 Grand Trunk Road
33:47 Wheelbarrow
33:39 Husbandry
34:21 Bloodlines
34:37 Block Printing
35:10 Heavy Camel Rider
36:40 Hand Cart
42:09 Plate Barding Armor
41:42 Siege Engineers
41:48 Masonry
42:02 Conscription
42:20 Hoardings
41:58 Imperial Camel Rider
ngocpq
2:34 Loom
5:52 Loom
11:58 Feudal Age
16:50 Castle Age
16:25 Double-Bit Axe
20:34 Gold Mining
26:13 Husbandry
27:06 Fletching
29:35 Bodkin Arrow
30:52 Wheelbarrow
31:11 Scale Barding Armor
30:54 Town Watch
30:38 Elite Skirmisher
34:46 Gold Shaft Mining
34:04 Stone Mining
34:26 Bow Saw
35:27 Chain Barding Armor
37:40 Siphons
37:31 Murder Holes
40:13 Imperial Age
37:59 Hand Cart
40:56 Cavalier
44:06 Conscription
44:08 #83
44:41 Plate Barding Armor
47:11 Chemistry
47:05 Forging
48:26 Town Patrol
48:34 Paladin
50:33 Iron Casting
50:23 Ballistics
53:40 Scale Mail Armor
56:26 Squires
Connection lost

Rejoining the realm…

Still unreachable

The connection could not be restored.

Session expired

The server has moved on; the page needs a fresh start.